AoeStats
← UWU

Black Forest

505255683Analyzed
4v4 RM · 22d ago on Sep 8, 2026· 42m 7s· 8 players
Game mode
Random Map
Map size
Large (8 player)
Population
200
Speed
Normal
Resources
Standard
Victory
Conquest
Starting age
Dark Age
Ending age
Imperial Age
RankedLock teamsTeams togetherTeam positionsShared explorationLock speedFull tech treeHidden civsTurbo modeCheats
Victory
Defeat
🇨🇿 Romans · Czechia
818
+11
🇨🇳 Cumans · China
784
+12
🇮🇳 Teutons · India
716
+15
588
+21
🇺🇾 Teutons · Uruguay
769
-18
🇦🇷 Armenians · Argentina
718
-16
🇪🇸 Persians · Spain
662
-13
🇬🇧 Wu · United Kingdom
636
-12
er_Dionis
12:43 Feudal Age
14:33 Loom
18:15 Castle Age
17:17 Double-Bit Axe
17:22 Horse Collar
19:45 Wheelbarrow
21:14 Bow Saw
29:59 Heavy Plow
34:22 Imperial Age
33:05 Hand Cart
32:51 Gold Mining
34:11 Gold Shaft Mining
33:27 Stone Mining
33:28 Town Watch
33:57 Forging
33:53 Scale Barding Armor
33:49 Fletching
34:00 Padded Archer Armor
34:01 Scale Mail Armor
34:16 Town Patrol
39:19 Crop Rotation
40:04 Two-Man Saw
39:43 Stone Shaft Mining
Delacoal
0:52 Loom
12:05 Feudal Age
17:57 Castle Age
16:01 Double-Bit Axe
15:59 Horse Collar
17:11 Stone Mining
19:08 Bow Saw
20:28 Gold Mining
21:14 Heavy Plow
25:28 Gold Shaft Mining
25:08 Fletching
25:19 Padded Archer Armor
27:00 Red Cliffs Tactics
31:18 Bodkin Arrow
33:10 Pikeman
35:29 Leather Archer Armor
38:50 Stone Shaft Mining
43:44 Imperial Age
fedeguillen20
0:35 Loom
10:41 Feudal Age
17:48 Castle Age
18:10 Double-Bit Axe
18:42 Forging
20:14 Stone Mining
36:32 Pikeman
JoaKo_uy
0:32 Loom
14:05 Feudal Age
16:14 Horse Collar
16:22 Double-Bit Axe
17:55 Town Watch
20:21 Fletching
20:42 Forging
26:07 Scale Barding Armor
34:16 Bloodlines
UWU
0:45 Loom
11:14 Feudal Age
12:18 Double-Bit Axe
22:19 Castle Age
20:26 Horse Collar
21:16 Man-at-Arms
23:32 Long Swordsman
32:22 Bow Saw
36:14 Imperial Age
33:37 Town Watch
34:52 Forging
36:10 Scale Mail Armor
36:38 Capped Ram
39:07 Legionary
40:24 Iron Casting
40:27 Chain Mail Armor
40:17 Legionary
41:16 Siege Ram
那天人多没轮到我
0:27 Loom
16:30 Feudal Age
17:51 Wheelbarrow
16:59 Horse Collar
17:07 Double-Bit Axe
24:34 Castle Age
22:46 Fletching
23:04 Scale Barding Armor
25:30 Bodkin Arrow
25:58 Chain Barding Armor
31:02 Murder Holes
32:22 Corvinian Army
33:37 Ballistics
37:56 Imperial Age
36:19 Treadmill Crane
37:27 Hand Cart
39:13 Conscription
41:36 Chemistry
betalbaadshah
0:35 Loom
14:34 Feudal Age
15:06 Double-Bit Axe
15:04 Horse Collar
18:18 Wheelbarrow
17:31 Town Watch
17:49 Gold Mining
19:00 Stone Mining
23:11 Castle Age
24:57 Bow Saw
24:51 Heavy Plow
25:29 Stone Shaft Mining
25:48 Forging
25:39 Scale Mail Armor
26:09 Hand Cart
26:54 Caravan
33:36 Bloodlines
猛薅秃子假发
8:54 Feudal Age
9:23 Double-Bit Axe
11:49 Horse Collar
15:46 Wheelbarrow
15:04 Loom
19:46 Castle Age
18:19 Scale Barding Armor
19:46 Forging
20:40 Bloodlines
20:54 Capped Ram
27:46 Hand Cart
29:09 Gold Mining
34:21 Imperial Age
33:55 Chain Barding Armor
34:11 Iron Casting
34:27 Elite Steppe Lancer
35:46 Plate Barding Armor
36:51 Blast Furnace
Connection lost

Rejoining the realm…

Still unreachable

The connection could not be restored.

Session expired

The server has moved on; the page needs a fresh start.